 Dungeon Crawl Stone Soup version 0.28-a0-1624-g820543e53a (webtiles) character file.

Game seed: 18048054539438819637

6643 buddhastalin the Slicer (level 11, 0/103 HPs)
             Began as a Kobold Berserker on Jan 23, 2022.
             Was a Priest of Trog.
             Succumbed to a cane toad's poison
             ... on level 1 of the Lair of Beasts.
             The game lasted 00:18:04 (13745 turns).

buddhastalin the Slicer (Kobold Berserker)         Turns: 13745, Time: 00:18:05

Health: 0/103      AC: 17    Str: 18    XL:     11   Next: 22%
Magic:  11/11      EV: 11    Int:  8    God:    Trog [***...]
Gold:   513        SH:  0    Dex: 16    Spells: 10/10 levels left

rFire   . . .      SeeInvis .   a - +1 falchion (vorpal)
rCold   . . .      Faith    .   (no shield)
rNeg    . . .      Spirit   .   v - +1 chain mail
rPois   .          Reflect  .   (no helmet)
rElec   .          Harm     .   D - +2 cloak
rCorr   .          Rampage  .   r - +2 pair of gloves
Will    +....                   (no boots)
Stlth   ..........              (no amulet)
HPRegen 0.27/turn               y - ring of willpower
MPRegen 0.12/turn               (no ring)

@: berserking, lethally poisoned (0 -> -29), very quick
A: small, no large weapons, nightstalker 3
a: Renounce Religion, Berserk, Trog's Hand


You were on level 1 of the Lair of Beasts.
You worshipped Trog.
Trog was most pleased with you.
You visited 2 branches of the dungeon, and saw 10 of its levels.

You collected 513 gold pieces.

Inventory:

Hand Weapons
 a - a +1 vorpal falchion (weapon)
 b - the +9 hunting sling of Isatz {freeze, rN++}
   (You found it on level 2 of the Dungeon)

   Any ammunition fired from it freezes those it strikes, dealing additional
   cold damage.
   It can also slow down cold-blooded creatures.
   rN:        It greatly protects you from negative energy.
 g - a +0 long sword
Missiles
 l - 35 sling bullets
Armour
 r - a +2 pair of gloves (worn)
 v - a +1 chain mail (worn)
 D - a +2 cloak (worn)
Jewellery
 y - a ring of willpower (left hand)
Wands
 j - a wand of iceblast (8)
 C - a wand of polymorph (2)
 F - a wand of flame (8)
Scrolls
 c - 3 scrolls of enchant armour
 e - a scroll of fog {unknown}
 i - 3 scrolls of identify
 k - 5 scrolls of teleportation {unknown}
 n - a scroll of blinking {unknown}
 t - a scroll of amnesia {unknown}
 w - a scroll of summoning {unknown}
 x - a scroll of enchant weapon {unknown}
 A - a scroll of vulnerability {unknown}
 B - a scroll of immolation {unknown}
 E - a scroll of torment {unknown}
 G - a scroll of fear {unknown}
Potions
 d - 3 potions of cancellation
 f - a potion of invisibility
 h - a potion of brilliance {unknown}
 m - 3 potions of heal wounds
 o - 3 potions of lignification
 p - 3 potions of curing
 q - a potion of haste {unknown}
 s - a potion of might {unknown}
 u - 2 potions of attraction
 z - a potion of degeneration {unknown}
 H - 2 potions of flight {unknown}


   Skills:
 + Level 8.8 Fighting
 - Level 10.1(11.8) Short Blades
 * Level 6.3(7.6) Long Blades
 + Level 7.0 Slings
 + Level 6.2 Armour
 - Level 3.3 Dodging


You had 10 spell levels left.
You didn't know any spells.
Your spell library was empty.

Dungeon Overview and Level Annotations

Branches:
Dungeon (9/15)             Temple (0/1) D:6            Lair (1/6) D:9
    Orc (0/2) D:9

Altars:
Elyvilon
Fedhas
Hepliaklqana
Kikubaaqudgha
Nemelex Xobeh
Okawaru
Trog
Uskayaw
Vehumet
Wu Jian
Zin
The Shining One

Shops:
D:8 *


Innate Abilities, Weirdness & Mutations

You are small and have problems with some larger weapons.
You are completely attuned to the shadows.


Message History

The cane toad barely misses you.
You hit the cane toad but do no damage.
You feel very sick. The cane toad stings you.
You hit the cane toad.
The cane toad is lightly wounded.
You feel very sick. The cane toad closely misses you.
You hit the cane toad but do no damage.
The cane toad is lightly wounded.
You feel very sick. The cane toad barely misses you.
A red film seems to cover your vision as you go berserk!
You feel yourself moving faster!
You feel mighty!
You feel sick. The cane toad stings you! The cane toad stings you.
You are more poisoned.
The cane toad poisons you!
You slice the cane toad!!
The cane toad is heavily wounded.
You feel very sick.
You barely miss the cane toad.
The cane toad is heavily wounded.
You feel very sick. The cane toad stings you!
* * * LOW HITPOINT WARNING * * *
You slash the cane toad!
The cane toad is almost dead.
* * * LOW HITPOINT WARNING * * *
You feel very sick. The cane toad stings you!
* * * LOW HITPOINT WARNING * * *
You are more poisoned.
The cane toad poisons you!
You slash the cane toad!
You kill the cane toad!
Trog accepts your kill.
* * * LOW HITPOINT WARNING * * *
You feel very sick.
Your Slings skill increases to level 7!
You die...

..........
..........
.....?....
#P..†....
#.@<†...
####.###
##


There were no monsters in sight!

Vanquished Creatures
  Maurice (D:9)
  A cane toad (Lair:1)
  2 hornets
  Prince Ribbit (D:5)
  Sigmund (D:5)
  A shadow (D:9)
  6 yaks
  Menkaure (D:6)
  4 water moccasins
  An acid dragon (D:8)
  An ice beast (D:6)
  6 orc warriors
  A sky beast (D:6)
  3 black bears
  3 ogres
  5 centaurs
  A phantom (D:7)
  A gnoll sergeant (D:8)
  5 bullfrogs
  2 scorpions (D:9)
  A water moccasin zombie (D:5)
  A wyvern zombie (D:7)
  A wyvern skeleton (D:7)
  A killer bee (D:9)
  2 electric eels (D:6)
  3 jellies
  6 howler monkeys
  A centaur zombie (D:7)
  A bullfrog zombie (D:6)
  A bullfrog skeleton (D:5)
  Terence (D:2)
  7 orc priests
  A centaur skeleton (D:7)
  2 iguanas
  4 orc wizards
  A howler monkey zombie (D:7)
  4 gnolls (D:8)
  3 adders
  A shadow imp (D:6)
  A white imp (D:7)
  An ufetubus (D:7)
  An adder zombie (D:4)
  An adder skeleton (D:4)
  A dart slug (D:1)
  34 orcs
  6 bats
  17 endoplasms
  6 giant cockroaches
  4 goblins
  6 hobgoblins
  2 jackals (D:1)
  4 kobolds
  6 quokkas
  5 ball pythons
  3 frilled lizards
  7 rats
194 creatures vanquished.

Vanquished Creatures (others)
  46 fungi (D:9)
  56 plants
102 creatures vanquished.

Grand Total: 296 creatures vanquished

Notes
Turn   | Place    | Note
-------+----------+-------------------------------------------
     0 | D:1      | buddhastalin the Kobold Berserker began the quest for the
                  | Orb.
     0 | D:1      | Reached XP level 1. HP: 14/14 MP: 1/1
   114 | D:1      | Reached XP level 2. HP: 15/19 MP: 2/2
   771 | D:1      | Reached XP level 3. HP: 23/23 MP: 3/3
  1001 | D:1      | Found a faded altar of an unknown god.
  1285 | D:1      | Reached skill level 5 in Short Blades
  1753 | D:2      | Found a blossoming altar of Fedhas.
  1890 | D:2      | Reached XP level 4. HP: 29/29 MP: 4/4
  1893 | D:2      | Reached ** piety under Trog
  2016 | D:2      | Noticed Terence
  2027 | D:2      | Killed Terence
  2352 | D:2      | Identified the +9 hunting sling of Isatz {freeze, rN++}
  2715 | D:3      | Reached XP level 5. HP: 33/33 MP: 5/5
  3178 | D:3      | Found an ornate altar of the Wu Jian Council.
  3706 | D:4      | Found an ancient bone altar of Kikubaaqudgha.
  3715 | D:4      | Identified the +5 hunting sling "Luckunith" {vorpal, Will+}
  3758 | D:4      | Reached skill level 6 in Short Blades
  3922 | D:4      | Noticed an ogre
  3925 | D:4      | Killed an ogre
  3926 | D:4      | Reached skill level 1 in Slings
  3926 | D:4      | Reached XP level 6. HP: 39/39 MP: 6/6
  4216 | D:4      | Found an iron altar of Okawaru.
  4354 | D:4      | Noticed a black bear
  4364 | D:4      | Killed a black bear
  4365 | D:4      | Reached skill level 7 in Short Blades
  4365 | D:4      | Reached XP level 7. HP: 43/44 MP: 7/7
  4610 | D:5      | Entered Level 5 of the Dungeon
  5629 | D:5      | Reached skill level 5 in Fighting
  5816 | D:5      | Noticed Sigmund
  5822 | D:5      | Killed Sigmund
  5823 | D:5      | Reached skill level 8 in Short Blades
  5823 | D:5      | Reached XP level 8. HP: 50/50 MP: 8/8
  5847 | D:5      | Noticed Prince Ribbit
  5859 | D:5      | Killed Prince Ribbit
  6358 | D:6      | Reached skill level 9 in Short Blades
  6528 | D:6      | Found a staircase to the Ecumenical Temple.
  6724 | D:6      | Noticed Menkaure
  6734 | D:6      | Killed Menkaure
  6735 | D:6      | Reached XP level 9. HP: 25/55 MP: 9/9
  7135 | D:6      | Reached skill level 10 in Short Blades
  7843 | D:7      | Noticed a hornet
  7849 | D:7      | Paralysed by a hornet for 2 turns
  7856 | D:7      | Killed a hornet
  7857 | D:7      | Reached skill level 1 in Long Blades
  7858 | D:7      | HP: 4/84 [poisoned by a hornet]
  8433 | D:7      | Reached *** piety under Trog
  8758 | D:7      | Reached skill level 5 in Slings
  8950 | D:7      | Found a sparkling altar of Nemelex Xobeh.
  9403 | D:7      | Identified the +5 shortbow of Circularity {flame, +Blink
                  | Int+3 Dex+3}
  9725 | D:7      | Found a bloodstained altar of Trog.
 10110 | D:8      | Reached XP level 10. HP: 63/63 MP: 10/10
 10282 | D:8      | Found Ulofize's General Store.
 10291 | D:8      | Reached skill level 5 in Armour
 10603 | D:8      | Found a hide-covered altar of Uskayaw.
 10843 | D:8      | Found a hazy altar of Hepliaklqana.
 12246 | D:9      | Noticed Maurice
 12257 | D:9      | Killed Maurice
 12258 | D:9      | Reached skill level 5 in Long Blades
 12727 | D:9      | Found a staircase to the Lair.
 12778 | D:9      | Found a radiant altar of Vehumet.
 12795 | D:9      | Found a glowing golden altar of the Shining One.
 12795 | D:9      | Found a glowing silver altar of Zin.
 12795 | D:9      | Found a white marble altar of Elyvilon.
 12957 | D:9      | Identified the +3 glaive of the Protecting Spider
                  | {antimagic, rC+ Str+2}
 12966 | D:9      | Found a staircase to the Orcish Mines.
 13130 | D:9      | Reached XP level 11. HP: 69/69 MP: 11/11
 13411 | Lair:1   | Entered Level 1 of the Lair of Beasts
 13744 | Lair:1   | HP: 3/103 [poisoned by a cane toad]
 13745 | Lair:1   | Succumbed to a cane toad's poison

Illustrated notes

Levels and vault maps discovered:
D:1:      sevenhm_arrival_forest_fort_small_4, layout_loops_corners,
          hellmonk_ecumenical_altar_inner_sanctum
D:2:      layout_loops_ring, basic_altar, uniq_terence
D:3:      layout_loops_ring, nzn_wu_jian_council_hall, nrook_campfire
D:4:      layout_loops_ring, nicolae_overflow_hidden_temple,
          kennysheep_mini_moat
D:5:      layout_basic, uniq_prince_ribbit1, uniq_sigmund
D:6:      layout_loops_ring, minmay_temple_entry_gardened_gates,
          serial_bayou_lake_a, uniq_menkaure
D:7:      minmay_inner_zag, layout_gridville, nemelex_dance_club_becter,
          mainiacjoe_overflow_cross_hatched
D:8:      layout_cave_pools, nicolae_uskayaw_dance_hall, lemuel_round_altar,
          serial_shops, kennysheep_little_box
D:9:      layout_roguey, nicolae_vehumet_altar_sigil, good_gods_mini_temple,
          due_lair_maze_entry_diamond, david_orc_2, uniq_maurice
Lair:1:   layout_cellular_growth

Skill      XL: |  1  2  3  4  5  6  7  8  9 10 11 |
---------------+----------------------------------+-----
Dodging        | 3 |  3.3
Short Blades   | 5 6 7 8 9 10 | 10.1
Fighting       | 4 5 6 7 8 |  8.8
Slings         | 1 2 3 4 5 6 7 |  7.0
Armour         | 2 3 4 5 6 |  6.2
Long Blades    | 3 5 6 |  6.3

Action                   |  1- 3 |  4- 6 |  7- 9 | 10-12 || total
-------------------------+-------+-------+-------+-------++-------
Melee: Short sword       |   101 |   146 |   167 |       ||   414
       Punch             |     3 |     1 |     3 |     7 ||    14
       Falchion          |       |       |   143 |   325 ||   468
 Fire: Hunting sling     |       |     6 |    48 |       ||    54
Invok: Berserk           |       |     2 |     9 |     9 ||    20
  Use: Scroll            |       |       |     7 |       ||     7
       Potion            |       |       |     1 |       ||     1
 Stab: Sleeping          |    11 |     8 |     1 |       ||    20
       Distracted        |     1 |       |     1 |       ||     2
Armor: Animal skin       |     8 |       |       |       ||     8
       Ring mail         |    15 |    32 |    20 |       ||    67
       Chain mail        |       |       |    74 |   149 ||   223
Dodge: Dodged            |    61 |    72 |   137 |   168 ||   438

Table legend: (Time is in decaauts)
 A = Elapsed time spent in this place.
 B = Non-inter-level travel time spent in this place.
 C = Inter-level travel time spent in this place.
 D = Time resting spent in this place.
 E = Time spent auto-exploring this place.
 F = Levels seen in this place.
 G = Mean time per level.
                   A        B        C        D        E       F      G
               +--------+--------+--------+--------+--------+-----+--------+
         Total |  13856 |  13562 |    294 |   5110 |   6765 |  10 | 1385.6 |
       Dungeon |  13772 |  13478 |    294 |   5064 |   6765 |   9 | 1530.2 |
          Lair |     84 |     84 |      0 |     46 |      0 |   1 |   84.0 |
               +--------+--------+--------+--------+--------+-----+--------+

Top non-repeatable levels by time:
     D:9: 2607 daAuts
     D:7: 2058 daAuts
     D:6: 1912 daAuts
     D:1: 1681 daAuts
     D:5: 1569 daAuts
     D:4: 1130 daAuts
     D:8: 1028 daAuts
     D:3: 909 daAuts
     D:2: 875 daAuts
  Lair:1: 84 daAuts
